 Dungeon Crawl Stone Soup version bcrawl-1.15.1 (webtiles) character file.

Game seed: 4999552202713004197

172 Kairok the Sneak (level 5, -4/30 HPs)
             Began as a Vine Stalker Rogue on Sept 26, 2019.
             Killed by divine providence
             ... invoked by an orc priest
              (14 damage)
             ... on level 3 of the Dungeon.
             The game lasted 00:04:28 (1822 turns).

Kairok the Sneak (Vine Stalker Rogue)               Turns: 1822, Time: 00:04:29

Health: -4/30      AC:  9    Str: 13    XL:     5   Next: 53%
Magic:  7/7        EV:  5    Int: 11    God:
Gold:   101        SH: 12    Dex: 19    Spells: 4/4 levels left

rFire    . . .     SeeInvis .   a - +2 dagger
rCold    . . .     Gourm    .   i - +0 large shield
rNeg     . . .     Faith    .   k - +1 scale mail
rPois    .         Spirit   .   o - +0 helmet
rElec    .         Reflect  .   d - +0 cloak
rCorr    .         Harm     .   (no gloves)
MR       +....                  (no boots)
Stlth    ++........             (no amulet)
HPRegen  0.50/turn              p - +5 ring of slaying
MPRegen  0.10/turn              (no ring)

@: slowed, very slow
A: fangs 2, talons 1, agile 1, magic resistance 1, regeneration 1, no potion
heal 3, rot immunity, strong jaws
a: no special abilities


You were on level 3 of the Dungeon.
You were not hungry.

You visited 1 branch of the dungeon, and saw 3 of its levels.

You collected 101 gold pieces.

Inventory:

Hand Weapons
 a - a +2 dagger (weapon)
 b - a +0 blowgun
Missiles
 e - 340 poisoned needles
Armour
 d - a +0 cloak (worn)
 i - a +0 large shield (worn)
 k - a +1 scale mail (worn)
 o - a +0 helmet (worn)
Jewellery
 p - a +5 ring of slaying (left hand)
Wands
 f - a wand of flame (15)
 g - a wand of enslavement (15)
 l - a wand of iceblast (10)
Comestibles
 h - 7 rations {!d}


   Skills:
 + Level 2.1 Fighting
 + Level 2.7 Short Blades
 + Level 1.0 Armour
 + Level 1.4 Dodging
 + Level 7.0 Stealth
 + Level 1.9 Shields
 + Level 1.9 Evocations


You had 4 spell levels left.
You didn't know any spells.
Your spell library was empty.

Dungeon Overview and Level Annotations

Branches:
Dungeon (3/12)

Altars:
Hepliaklqana
Nemelex Xobeh
Trog
Yredelemnul
Zin


Innate Abilities, Weirdness & Mutations

You have extremely sharp teeth.
Your natural rate of healing is unusually fast.
Potions cannot restore your health.
You are immune to rotting.
Your bites deal extra damage.
You have sharp toenails.
You are agile. (Dex +2)
You are resistant to hostile enchantments. (MR+)


Message History

You block the orc's attack.
The orc priest calls down the wrath of Beogh upon you.
Beogh smites you!
The orc wizard hits you but does no damage.
It was a potion of mutation.
You feel extremely strange.
You feel resistant to hostile enchantments.
Your toenails lengthen and sharpen.
You feel agile. The orc hits you with a +3 trident.
You block the orc wizard's attack. The orc priest closely misses you.
The orc hits you with a +3 trident.
* * * LOW HITPOINT WARNING * * *
The orc wizard casts a spell.
The orc wizard seems to speed up.
You hit the orc priest but do no damage.
You claw the orc priest.
The orc priest is severely wounded.
The orc wizard casts a spell.
The orc wizard blinks!
The orc priest mumbles some strange prayers to Beogh against you.
Beogh smites you!
You die...

.... .............. ....
............. ....
............ ....
........... . ...[
......#.###.# ....
#######........o.. ....
#........§oo...... ##..
#........)@....... ....
#........!....##...........
#.......)..................
#........######............
##......................###
#.#.....#................#
#........................#
#.......#................#
#.......#..........##....#


You could see an orc priest, an orc wizard and an orc.

Vanquished Creatures
  A hound (D:2)
  Crazy Yiuf (D:2)
  4 adders
  A worm (D:2)
  A dart slug (D:2)
  2 leopard geckos (D:2)
  4 orcs (D:3)
  2 ball pythons (D:1)
  4 bats
  7 giant cockroaches
  9 goblins
  6 hobgoblins
  4 jackals (D:1)
  A quokka (D:2)
  5 frilled lizards
  6 kobolds
  7 rats
65 creatures vanquished.

Notes
Turn   | Place    | Note
-------+----------+-------------------------------------------
     0 | D:1      | Kairok the Vine Stalker Rogue began the quest for the Orb.
     0 | D:1      | Reached XP level 1. HP: 12/12 MP: 3/3
    57 | D:1      | Reached skill level 6 in Stealth
    90 | D:1      | Reached XP level 2. HP: 17/17 MP: 4/4
   327 | D:1      | Reached XP level 3. HP: 21/21 MP: 5/5
   849 | D:2      | Found a basalt altar of Yredelemnul.
   875 | D:2      | Reached skill level 1 in Dodging
   926 | D:2      | Found a sparkling altar of Nemelex Xobeh.
   936 | D:2      | Reached XP level 4. HP: 23/26 MP: 6/6
   983 | D:2      | Reached skill level 1 in Shields
  1042 | D:2      | Found a glowing silver altar of Zin.
  1141 | D:2      | Found a bloodstained altar of Trog.
  1218 | D:2      | Found a hazy altar of Hepliaklqana.
  1271 | D:2      | Found a runed door.
  1655 | D:2      | Noticed Crazy Yiuf
  1659 | D:2      | Killed Crazy Yiuf
  1659 | D:2      | Reached XP level 5. HP: 30/30 MP: 7/7
  1786 | D:3      | Reached skill level 1 in Armour
  1786 | D:3      | Reached skill level 7 in Stealth
  1821 | D:3      | Gained mutation: You are resistant to hostile enchantments.
                  | (MR+) [potion of mutation]
  1821 | D:3      | Gained mutation: You have sharp toenails. [potion of
                  | mutation]
  1821 | D:3      | Gained mutation: You are agile. (Dex +2) [potion of
                  | mutation]
  1822 | D:3      | Killed from afar by an orc priest

Skill      XL: |  1  2  3  4  5 |
---------------+----------------+-----
Stealth        | 6 7 |  7.0
Short Blades   | 2 |  2.7
Dodging        | 1 |  1.4
Fighting       | 2 |  2.1
Shields        | 1 |  1.9
Armour         | 1 |  1.0
Evocations     | |  1.9

Action                   |  1- 3 |  4- 6 || total
-------------------------+-------+-------++-------
Melee: Dagger            |   118 |    88 ||   206
       Bite              |    10 |     6 ||    16
       Kick              |       |     1 ||     1
  Use: Scroll            |     2 |     1 ||     3
       Potion            |     1 |     1 ||     2
 Stab: Sleeping          |     4 |     4 ||     8
       Distracted        |       |     1 ||     1
  Eat: Chunk             |       |     3 ||     3
Armor: Robe              |    10 |       ||    10
       Scale mail        |    40 |    36 ||    76
       Leather armour    |     2 |       ||     2
Dodge: Dodged            |    29 |    12 ||    41
Block: Large shield      |    59 |    51 ||   110
